 Dungeon Crawl Stone Soup version 0.30-a0-52-g86a8295270 (webtiles) character file.

Game seed: 16285426158120351367

51 MrFrogsmire the Caller (level 3, -3/19 HPs)
             Began as a Tengu Summoner on Sept 6, 2022.
             Slain by a gnoll
             ... wielding a +0 spear
              (4 damage)
             ... on level 3 of the Dungeon on Sept 7, 2022.
             The game lasted 00:11:35 (1162 turns).

MrFrogsmire the Caller (Tengu Summoner)             Turns: 1162, Time: 00:11:36

Health: -3/19      AC:  5    Str:  8    XL:     3   Next: 81%
Magic:  6/8        EV: 10    Int: 17    God:
Gold:   59         SH:  0    Dex: 14    Spells: 4/7 levels left

rFire   . . .      SeeInvis .    f - +2 dagger (venom)
rCold   . . .      Faith    .    (no shield)
rNeg    . . .      Spirit   .    d - +0 ring mail
rPois   .          Reflect  .    (helmet restricted)
rElec   .          Harm     .    (no cloak)
rCorr   .          Rampage  .    (no gloves)
Will    .....                    (boots unavailable)
Stlth   +.........               (no amulet)
HPRegen 0.06/turn                (no ring)
MPRegen 0.11/turn                (no ring)

@: very slow
A: beak, talons 3
a: no special abilities


You were on level 3 of the Dungeon.
You visited 1 branch of the dungeon, and saw 3 of its levels.

You collected 59 gold pieces.

Inventory:

Hand Weapons
 e - a +1 mace of protection
 f - a +2 dagger of venom (weapon)
Armour
 a - a +0 robe
 d - a +0 ring mail (worn)
Scrolls
 g - a scroll of magic mapping {unknown}
 h - 3 scrolls of identify {unknown}
 i - a scroll of butterflies {unknown}
Potions
 b - a potion of magic
 c - a potion of mutation {unknown}


   Skills:
 + Level 0.1 Armour
 + Level 2.2 Dodging
 + Level 2.2 Stealth
 + Level 2.7 Spellcasting
 + Level 5.8 Summonings


You had 4 spell levels left.
You knew the following spells:

 Your Spells              Type           Power      Damage    Failure   Level
a - Summon Small Mammal   Summ           88%        N/A       5%          1
b - Call Imp              Summ           22%        N/A       8%          2

Your spell library contained the following spells:

 Spells                   Type           Power      Damage    Failure   Level
 Call Canine Familiar     Summ           22%        N/A       16%         3
 Summon Guardian Golem    Hex/Summ       12%        N/A       45%         3
 Summon Ice Beast         Ice/Summ       12%        N/A       86%         4
 Summon Lightning Spire   Summ/Air       12%        N/A       86%         4
 Summon Mana Viper        Hex/Summ       12%        N/A       99%         5
 Conjure Ball Lightning   Conj/Air       1%         3x3d6     100%        6
 Monstrous Menagerie      Summ           11%        N/A       100%        7
 Discord                  Hex            1%         N/A       100%        8
 Disjunction              Tloc           1%         N/A       100%        8


Dungeon Overview and Level Annotations

Branches:
Dungeon (3/15)

Altars:

Shops:
D:1 *


Innate Abilities, Weirdness & Mutations

You have a beak for a mouth.
You have claws for feet.


Message History

The gnoll barely misses you.
The gnoll hits you from afar with a +0 spear.
The gnoll hits your quokka with a +0 flail!
Your quokka dies!
Your quokka's corpse disappears in a puff of smoke!
There is an open door here.
You swap places.
You enter the shallow water.
Moving in this stuff is going to be slow.
You are too injured to fight recklessly!
You are too injured to fight recklessly!
Your rat barely misses the gnoll.
The gnoll hits your rat with a +0 flail.
Your rat dies!
Your rat's corpse disappears in a puff of smoke!
You are too injured to fight recklessly!
You are too injured to fight recklessly!
You are too injured to fight recklessly!
Why would you want to do that? Why would you want to do that?
Why would you want to do that? Why would you want to do that?
Why would you want to do that? Why would you want to do that?
Unknown command.
Why would you want to do that? Why would you want to do that?
The gnoll completely misses you.
You closely miss the gnoll. You claw the gnoll, but do no damage.
The gnoll hits you with a +0 flail.
You hit the gnoll but do no damage.
The gnoll is poisoned.
Your kick misses the gnoll. You peck the gnoll, but do no damage.
The gnoll hits you with a +0 flail.
* * * LOW HITPOINT WARNING * * *
The gnoll hits you from afar with a +0 spear.
* * * LOW HITPOINT WARNING * * *
You hit the gnoll. Your kick misses the gnoll. Your peck misses the gnoll.
The gnoll is moderately wounded.
The gnoll misses you.
The gnoll hits you from afar with a +0 spear.
You die...

#..........#
#####..........#
...............#
###..........#
###'###....#
#≈≈~≈≈#....#
#≈~≈~≈#....#
#~≈~≈~##.###
#≈~≈@≈# .#
###g####.#
#g)gg..#
########


You could see 2 gnolls.

Vanquished Creatures
  A gnoll (D:3)
  2 adders (D:2)
  A bat (D:1)
  An endoplasm (D:1)
  A goblin (D:1)
  2 hobgoblins
8 creatures vanquished.

Vanquished Creatures (collateral kills)
  4 endoplasms (D:1)
  A goblin (D:1)
  2 hobgoblins (D:1)
  2 kobolds (D:1)
  A quokka (D:1)
  A bat (D:1)
  A frilled lizard (D:1)
  A rat (D:1)
  A spectral goblin (D:1)
14 creatures vanquished.

Grand Total: 22 creatures vanquished

Notes
Turn   | Place    | Note
-------+----------+-------------------------------------------
     0 | D:1      | MrFrogsmire the Tengu Summoner began the quest for the Orb.
     0 | D:1      | Reached XP level 1. HP: 10/10 MP: 4/4
    48 | D:1      | Reached skill level 5 in Summonings
    99 | D:1      | Found a faded altar of an unknown god.
   108 | D:1      | Found Izoat's General Store.
   184 | D:1      | Reached XP level 2. HP: 14/14 MP: 0/6
   588 | D:1      | Learned a level 2 spell: Call Imp
   998 | D:2      | Reached XP level 3. HP: 19/19 MP: 3/7
  1162 | D:3      | Slain by a gnoll

Illustrated notes

Levels and vault maps discovered:
D:1:      eino_arrival_tree_alley, layout_basic,
          dreamdust_ecumenical_altar_drowned_temple, serial_shops,
          nicolae_shop_stone, hex_intersection, minmay_misc_feat_cross
D:2:      layout_rooms
D:3:      layout_rooms, chequers_serial_rivers_room_b, uniq_sigmund

Skill      XL: |  1 |
---------------+----+-----
Summonings     | 5 |  5.8
Armour         | |  0.1
Dodging        | |  2.2
Stealth        | |  2.2
Spellcasting   | |  2.7

Action                   || total
-------------------------++-------
Melee: Dagger            ||    30
       Kick              ||    11
       Peck              ||     5
 Cast: Summon Small Mamm ||    41
  Use: Potion            ||     2
Armor: Robe              ||     5
       Ring mail         ||    19
Dodge: Dodged            ||    40

Table legend: (Time is in decaauts)
 A = Elapsed time spent in this place.
 B = Non-inter-level travel time spent in this place.
 C = Inter-level travel time spent in this place.
 D = Time resting spent in this place.
 E = Time spent auto-exploring this place.
 F = Levels seen in this place.
 G = Mean time per level.
                   A        B        C        D        E       F      G
               +--------+--------+--------+--------+--------+-----+--------+
         Total |   1171 |    487 |    684 |      0 |      0 |   3 |  390.3 |
       Dungeon |   1171 |    487 |    684 |      0 |      0 |   3 |  390.3 |
               +--------+--------+--------+--------+--------+-----+--------+

Top non-repeatable levels by time:
     D:1: 931 daAuts
     D:2: 204 daAuts
     D:3: 35 daAuts
